 Dungeon Crawl Stone Soup version 0.19.0 (webtiles) character file.

366 jimeh the Conjurer (level 6, -7/45 HPs)
             Began as a Draconian Wizard on Nov 14, 2016.
             Incinerated by chequers's ghost (9 damage)
             ... with a sticky flame
             ... on level 4 of the Dungeon.
             The game lasted 00:10:57 (3667 turns).

jimeh the Conjurer (Draconian Wizard)               Turns: 3667, Time: 00:10:58

Health: -7/45      AC: 10    Str:  9    XL:     6   Next: 40%
Magic:  2/10       EV: 11    Int: 18    God:
Gold:   174        SH:  4    Dex: 12    Spells: 5 memorised, 0 levels left

rFire  . . .     SeeInvis .     l - +0 dagger (elec)
rCold  . . .     Gourm    .     (armour unavailable)
rNeg   . . .     Faith    .     h - +1 buckler
rPois  .         Spirit   .     e - +2 hat
rElec  .         Reflect  .     p - +0 cloak
rCorr  .         Harm     .     q - +0 pair of gloves
MR     .....                    (no boots)
Stlth  +.........               (no amulet)
                                (no ring)
                                (no ring)

@: liquid flames, glowing, repel missiles
A: unfitting armour, cold-blooded, AC +6
a: no special abilities


You were on level 4 of the Dungeon.
You were hungry.

You visited 1 branch of the dungeon, and saw 4 of its levels.

You collected 174 gold pieces.

Inventory:

Hand Weapons
 d - a +0 dagger
 l - a +0 dagger of electrocution (weapon)
 o - a +3 quarterstaff of chaos
Armour
 a - a +0 hat
 e - a +2 hat (worn)
 h - a +1 buckler (worn)
 p - a +0 cloak (worn)
 q - a +0 pair of gloves (worn)
Jewellery
 v - an uncursed ring of positive energy {unknown}
Wands
 k - a wand of paralysis (13/24)
Scrolls
 f - 2 scrolls of remove curse
Potions
 n - 2 potions of cure mutation
 s - 2 potions of brilliance
Books
 b - a book of Minor Magic

   Spells                             Type                      Level
   a - Magic Dart                     Conjuration                  1
   b - Blink                          Translocation                2
   c - Call Imp                       Summoning                    2
   d - Repel Missiles                 Charms/Air                   2
   e - Slow                           Hexes                        2
   f - Conjure Flame                  Conjuration/Fire             3
   g - Mephitic Cloud                 Conjuration/Poison/Air       3
 t - a book of Maledictions

   Spells                             Type                      Level
   a - Corona                         Hexes                        1
   b - Ensorcelled Hibernation        Hexes/Ice                    2
   c - Confuse                        Hexes                        3
   d - Tukima's Dance                 Hexes                        3
   e - Dazzling Spray                 Conjuration/Hexes            3
Comestibles
 c - 6 bread rations
 i - a beef jerky
 u - a meat ration
 w - 2 chunks of flesh


   Skills:
 - Level 1.7 Dodging
 - Level 1.7 Stealth
 - Level 3.0 Spellcasting
 - Level 6.4 Conjurations
   Level 1.0 Summonings
 - Level 1.0 Translocations
 + Level 1.1 Air Magic
 + Level 0.2 Poison Magic


You couldn't memorise any spells.
You knew the following spells:

 Your Spells              Type           Power        Failure   Level  Hunger
a - Magic Dart            Conj           ####         1%          1    None
b - Blink                 Tloc           N/A          30%         2    ##.....
c - Mephitic Cloud        Conj/Pois/Air  ##......     34%         3    ###....
d - Conjure Flame         Conj/Fire      ##......     28%         3    ###....
e - Repel Missiles        Chrm/Air       #.....       38%         2    ##.....


Dungeon Overview and Level Annotations

Branches:
Dungeon (4/15)
 Temple: D:4-7

Altars:
Cheibriados
Kikubaaqudgha
Qazlal
Uskayaw

Annotations:
D:4 chequers's ghost, novice DEFE


Innate Abilities, Weirdness & Mutations

Your plain brown scales are hard. (AC +6)
You cannot fit into any form of body armour.
You are cold-blooded and may be slowed by cold attacks.


Message History

Chequers's ghost barely misses you.
You feel better.
You are covered in liquid flames!
Chequers's ghost sprays you with burning goo.
The sticky flame hits you!
You are covered in liquid flames!
* * * LOW HITPOINT WARNING * * *
You barely miss chequers's ghost.
Chequers's ghost is severely damaged.
You are covered in liquid flames!
* * * LOW HITPOINT WARNING * * *
You block chequers's ghost's attack.
Casting: Magic Dart
Confirm with . or Enter, or press ? or * to list all spells.
You blink.
You are covered in liquid flames!
* * * LOW HITPOINT WARNING * * *
Found a leather armour and a beef jerky.
You are covered in liquid flames!
You die...

#.# #.# #.#
###ยง## ##
#.......#
#.....W.##.#
####.##.#..##.#
###..[..........
.......@#.......
###.##..#.#...#.
#..#.......
#...%.. ###
##.####. #.# '#
... . #.#


You could see chequers's ghost.

Vanquished Creatures
  2 orc priests (D:3)
  A hound (D:4)
  A jelly (D:3)
  Crazy Yiuf (D:2)
  A worker ant (D:4)
  Robin (D:2)
  3 gnolls (D:3)
  2 adders
  3 oozes
  4 dart slugs
  8 leopard geckos
  12 orcs
  5 bats
  4 giant cockroaches
  10 goblins
  12 hobgoblins
  3 jackals (D:4)
  8 kobolds
  4 quokkas
  5 frilled lizards
  7 rats
97 creatures vanquished.

Notes
Turn   | Place    | Note
-------+----------+-------------------------------------------
     0 | D:1      | jimeh the Draconian Wizard began the quest for the Orb.
     0 | D:1      | Reached XP level 1. HP: 14/14 MP: 4/4
   221 | D:1      | Reached skill level 2 in Conjurations
   221 | D:1      | Reached XP level 2. HP: 16/20 MP: 6/6
   284 | D:1      | Learned a level 2 spell: Blink
   614 | D:1      | Reached skill level 3 in Conjurations
   614 | D:1      | Reached XP level 3. HP: 16/26 MP: 0/7
  1566 | D:2      | Noticed Robin
  1581 | D:2      | Reached XP level 4. HP: 33/33 MP: 8/8
  1585 | D:2      | Killed Robin
  1585 | D:2      | Reached skill level 4 in Conjurations
  1796 | D:2      | Found a runed door.
  2066 | D:2      | Noticed Crazy Yiuf
  2072 | D:2      | Killed Crazy Yiuf
  2201 | D:3      | Reached skill level 5 in Conjurations
  2201 | D:3      | Reached XP level 5. HP: 26/38 MP: 4/9
  2494 | D:3      | Found a snail-covered altar of Cheibriados.
  2704 | D:3      | Found an ancient bone altar of Kikubaaqudgha.
  2798 | D:3      | Reached skill level 6 in Conjurations
  2851 | D:3      | Reached XP level 6. HP: 30/45 MP: 0/10
  3113 | D:3      | Found a stormy altar of Qazlal.
  3113 | D:3      | Found a hide-covered altar of Uskayaw.
  3333 | D:4      | Learned a level 3 spell: Mephitic Cloud
  3337 | D:4      | Learned a level 3 spell: Conjure Flame
  3518 | D:4      | Learned a level 2 spell: Repel Missiles
  3574 | D:4      | Reached skill level 1 in Air Magic
  3628 | D:4      | Noticed chequers's ghost (novice DEFE)
  3666 | D:4      | HP: 1/45 [burnt (7)]
  3667 | D:4      | Incinerated by chequers's ghost

Skill      XL: |  1  2  3  4  5  6 |
---------------+-------------------+-----
Conjurations   | 2 3 5 6 |  6.4
Air Magic      | 1 |  1.1
Dodging        | |  1.7
Stealth        | |  1.7
Spellcasting   | |  3.0
Summonings     | |  1.0
Translocations | |  1.0
Poison Magic   | |  0.2

Action                   |  1- 3 |  4- 6 || total
-------------------------+-------+-------++-------
Melee: Dagger            |    74 |   177 ||   251
       Unarmed           |     7 |       ||     7
       Tailslap          |     8 |    16 ||    24
 Cast: Magic Dart        |    58 |    75 ||   133
       Blink             |       |     2 ||     2
       Conjure Flame     |       |     1 ||     1
       Repel Missiles    |       |     1 ||     1
  Use: Potion            |     3 |     3 ||     6
       Scroll            |     2 |     5 ||     7
 Stab: Sleeping          |     1 |     3 ||     4
  Eat: Chunk             |     2 |     5 ||     7
       Beef jerky        |       |     1 ||     1
Armor: Skin              |    33 |    58 ||    91
Dodge: Dodged            |    55 |    86 ||   141
Block: Buckler           |     3 |    30 ||    33
